 Dungeon Crawl Stone Soup version 0.19.0-24-gb05acd6 (console) character file.

1 Jesseh the Digger (level 1, 0/10 HPs)
             Began as a Gargoyle Earth Elementalist on Nov 20, 2016.
             Slain by a jackal (2 damage)
             ... on level 1 of the Dungeon.
             The game lasted 00:03:02 (177 turns).

Jesseh the Digger (Gargoyle Earth Elementalist)      Turns: 177, Time: 00:03:02

Health: 0/10       AC:  4    Str: 11    XL:     1   Next: 20%
Magic:  1/3        EV: 12    Int: 15    God:
Gold:   0          SH:  0    Dex: 10    Spells: 1 memorised, 3 levels left

rFire  . . .     SeeInvis .     (no weapon)
rCold  . . .     Gourm    .     c - +0 robe
rNeg   + . .     Faith    .     (no shield)
rPois  ∞         Spirit   .     (no helmet)
rElec  +         Reflect  .     (no cloak)
rCorr  .         Harm     .     (no gloves)
MR     .....                    (no boots)
Stlth  ++........               (no amulet)
                                (no ring)
                                (no ring)

@: no status effects
A: negative energy resistance 1, electricity resistance, unbreathing,
petrification resistance, rot immunity, AC +2
a: no special abilities


You were on level 1 of the Dungeon.
You were not hungry.

You visited 1 branch of the dungeon, and saw 1 of its levels.

Inventory:

Missiles
 b - 20 stones (quivered)
Armour
 c - a +0 robe (worn)
Scrolls
 a - a scroll of enchant weapon {unknown}
Potions
 f - a potion of agility {unknown}
Books
 e - a book of Geomancy
Comestibles
 d - a bread ration


   Skills:
 - Level 1.5 Dodging
 - Level 2.1 Stealth
 * Level 2.0 Spellcasting
   Level 0.7 Transmutations
 + Level 3.7 Earth Magic


You had 3 spell levels left.
You knew the following spells:

 Your Spells              Type           Power        Failure   Level  Hunger
a - Sandblast             Erth           ##....       6%          1    #......


Dungeon Overview and Level Annotations

Branches:
Dungeon (1/15)

Altars:


Innate Abilities, Weirdness & Mutations

You are resistant to torment.
Your stone body is resilient. (AC +2)
You are immune to poison.
You resist negative energy. (rN+)
You are resistant to electric shocks. (rElec)
You can survive without breathing.
You are immune to petrification.
You are immune to rotting.


Message History

The blast of sand hits the jackal.
You kill the jackal!
You hit the jackal. The jackal closely misses you. The jackal bites you.
The jackal barely misses you. The jackal bites you. The jackal misses you.
The jackal closely misses you.
Aim: a jackal (heavily wounded)
The blast of sand hits the jackal.
The jackal bites you but does no damage.
The jackal misses you. The jackal barely misses you. The jackal bites you.
The jackal closely misses you.
You see here a bread ration.
Aim: a jackal (heavily wounded)
You miscast Sandblast.
You are very lightly contaminated with residual magic.
Nothing appears to happen.
The jackal bites you. The jackal barely misses you. The jackal misses you.
The jackal barely misses you. The jackal barely misses you.
The jackal closely misses you.
The jackal bites you but does no damage.
Aim: a jackal (heavily wounded)
The blast of sand hits the jackal.
The jackal misses you.
The jackal bites you but does no damage.
The jackal barely misses you.
The jackal bites you but does no damage.
Your magical contamination has completely faded away.
You see here a bread ration.
The jackal closely misses you.
The jackal bites you but does no damage.
Aim: a jackal (heavily wounded)
The blast of sand hits the jackal.
The jackal barely misses you. The jackal barely misses you.
The jackal closely misses you. The jackal barely misses you.
The jackal bites you but does no damage.
The jackal bites you but does no damage.
Aim: a jackal (almost dead)
The blast of sand misses the jackal.
The jackal misses you.
The jackal bites you but does no damage.
The jackal closely misses you.
You see here a bread ration.
The jackal misses you. The jackal closely misses you. The jackal misses you.
Aim: a jackal (almost dead)
The blast of sand misses the jackal.
The jackal bites you but does no damage.
The jackal closely misses you. The jackal closely misses you.
The jackal closely misses you. The jackal bites you.
Aim: a jackal (moderately wounded)
The blast of sand misses the jackal.
The jackal misses you. The jackal bites you.
* * * LOW HITPOINT WARNING * * *
You see here a bread ration.
The jackal closely misses you. The jackal closely misses you.
The jackal bites you but does no damage.
The jackal closely misses you. The jackal closely misses you.
Aim: a jackal The blast of sand hits the jackal.
The jackal barely misses you. The jackal barely misses you.
The jackal misses you. The jackal closely misses you. The jackal bites you.
* * * LOW HITPOINT WARNING * * *
You see here a bread ration.
The jackal completely misses you.
Aim: a jackal (moderately wounded)
The blast of sand hits the jackal.
The jackal misses you. The jackal closely misses you.
The jackal bites you but does no damage.
The jackal closely misses you. The jackal closely misses you.
Aim: a jackal (moderately wounded)
The blast of sand misses the jackal.
The jackal barely misses you. x2
The jackal bites you.
* * * LOW HITPOINT WARNING * * *
The jackal closely misses you. The jackal closely misses you.
You see here a bread ration.
The jackal bites you but does no damage.
Aim: a jackal The blast of sand hits the jackal.
The jackal bites you but does no damage.
The jackal barely misses you. The jackal bites you.
* * * LOW HITPOINT WARNING * * *
The jackal barely misses you.
The jackal bites you but does no damage.
The jackal closely misses you. The jackal misses you. The jackal bites you.
You die...

▒▒▒▒ ▒.........▒
.... ▒.▒.....▒.▒
▒▒▒.. ▒.▒.....▒.▒▒
.....▒▒.▒.....▒..▒
▒▒▒...▒.▒.....▒..▒
........▒..<..▒..▒
▒▒▒.....▒.....▒....▒
.....▒.h▒.....▒....▒
.....▒.8▒.....▒....▒
▒▒▒▒ ▒.%▒.....▒....▒
▒▒+▒.............▒
▒...(...▒▒..▒....▒
▒.......▒▒▒.......
▒.......▒▒ .....
.....[... ....
......... ...
.........


You could see a jackal.

Vanquished Creatures
  A jackal (D:1)
1 creature vanquished.

Notes
Turn   | Place    | Note
-------+----------+-------------------------------------------
     0 | D:1      | Jesseh the Gargoyle Earth Elementalist began the quest for the Orb.
     0 | D:1      | Reached XP level 1. HP: 10/10 MP: 3/3
   165 | D:1      | HP: 1/10 [jackal (2)]
   177 | D:1      | Slain by a jackal

Action                   || total
-------------------------++-------
Melee: Unarmed           ||     1
 Cast: Sandblast         ||    13
Armor: Robe              ||    16
Dodge: Dodged            ||    49

Vault maps used:
D:1:      minmay_arrival_semitransparent

Table legend:
 A = Turns spent in this place as a percentage of turns spent in the entire game.
 B = Non-inter-level travel turns spent in this place as a percentage of non-inter-level travel turns spent in the entire game.
 C = Inter-level travel turns spent in this place as a percentage of turns spent in this place.
 D = Turns resting spent in this place as a percentage of non-inter-level travel turns spent in this place.
 E = Turns spent auto-exploring this place as a percentage of non-inter-level travel turns spent in this place.
 F = Non-inter-level travel turns spent in this place divided by the number of levels of this place that you've seen.
                   A       B       C       D       E      F
               +-------+-------+-------+-------+-------+----------------------
         Total | 100.0 | 100.0 |   0.0 |   0.0 |   1.8 | 168.0
       Dungeon | 100.0 | 100.0 |   0.0 |   0.0 |   1.8 | 168.0
               +-------+-------+-------+-------+-------+----------------------

Table legend:
 A = Kills in this place as a percentage of kills in entire the game.
 B = Kills by you in this place as a percentage of kills by you in the entire game.
 C = Kills by friends in this place as a percentage of kills by friends in the entire game.
 D = Other kills in this place as a percentage of other kills in the entire game.
 E = Experience gained in this place as a percentage of experience gained in the entire game.
 F = Experience gained in this place divided by the number of levels of this place that you have seen.
                   A       B       C       D       E      F
               +-------+-------+-------+-------+-------+----------------------
         Total | 100.0 | 100.0 |  -nan |  -nan | 100.0 |   2.0
       Dungeon | 100.0 | 100.0 |  -nan |  -nan | 100.0 |   2.0
               +-------+-------+-------+-------+-------+----------------------
